 Dungeon Crawl Stone Soup version 0.20.1-1-g8b1a95d (webtiles) character file.

81 Glalom the Poker (level 4, -5/33 HPs)
             Began as a Merfolk Skald on Oct 29, 2017.
             Splashed by a jelly's acid (7 damage)
             ... on level 1 of the Dungeon.
             The game lasted 00:08:54 (1951 turns).

Glalom the Poker (Merfolk Skald)                    Turns: 1951, Time: 00:08:55

Health: -5/33      AC: -12   Str: 12    XL:     4   Next: 42%
Magic:  7/7        EV: 12    Int: 12    God:
Gold:   55         SH:  0    Dex: 13    Spells: 1/7 levels left

rFire    . . .     SeeInvis .   a - +0 spear
rCold    . . .     Gourm    .   (no shield)
rNeg     . . .     Faith    .   b - +0 leather armour
rPois    .         Spirit   .   (no helmet)
rElec    .         Reflect  .   (no cloak)
rCorr    .         Harm     .   (no gloves)
MR       .....                  (no boots)
Stlth    +.........             (no amulet)
Regen    0.2/turn               (no ring)
MPRegen  0.1/turn               (no ring)

@: corroded
A: change form in water, swift swim, stealthy swim
a: no special abilities


You were on level 1 of the Dungeon.
You were not hungry.

You visited 1 branch of the dungeon, and saw 2 of its levels.

You collected 55 gold pieces.

Inventory:

Hand Weapons
 a - a +0 spear (weapon)
Armour
 b - a +0 leather armour (worn)
Scrolls
 e - a scroll of remove curse {unknown}
 f - 3 scrolls of teleportation {unknown}
 g - 3 scrolls of identify {unknown}
 j - 2 scrolls of enchant armour {unknown}
Potions
 i - 2 potions of heal wounds {unknown}
 k - a potion of lignification {unknown}
Books
 c - a book of Battle

   Spells                             Type                      Level
   a - Infusion                       Charms                       1
   b - Shroud of Golubria             Charms/Translocation         2
   c - Song of Slaying                Charms                       2
   d - Spectral Weapon                Hexes/Charms                 3
   e - Regeneration                   Charms/Necromancy            3
Comestibles
 d - a bread ration
 h - a royal jelly
 l - a meat ration


   Skills:
 - Level 2.1 Fighting
 + Level 5.8 Polearms
 - Level 0.6 Armour
 - Level 2.6 Dodging
 - Level 2.0 Spellcasting
 + Level 0.4 Hexes
 + Level 3.9 Charms


You had one spell level left.
You knew the following spells:

 Your Spells              Type           Power        Failure   Level  Hunger
a - Infusion              Chrm           ##..         7%          1    ##.....
b - Shroud of Golubria    Chrm/Tloc      #.........   24%         2    ###....
c - Spectral Weapon       Hex/Chrm       #.......     38%         3    ####...


Dungeon Overview and Level Annotations

Branches:
Dungeon (2/15)

Altars:
Dithmenos
The Shining One


Message History

Things that are here:
a whip; a stone; a kobold corpse You see here a stone.
There is an open door here.
There is an open gate here.
Evoke which item? (* to show all) (? for menu, Esc to quit)
Okay, then.
There is a stone staircase leading up here.
The jelly hits you. The acid corrodes you!
You are splashed with acid!
The acid burns!
* * * LOW HITPOINT WARNING * * *
You climb upwards.
There is a stone staircase leading down here.
Things that are here:
a club; a hobgoblin skeleton The jelly jiggles.
The jelly hits you.
* * * LOW HITPOINT WARNING * * *
You are splashed with acid!
The acid burns!
You die...

##.#..........#..########
#.##...#.........# #...#
#####.#..###.........###.#.#####
#........# #.........#...#.##...
#....(...# #...........###.##...
#........# #.........#####.##...
#........# #............##.##...
#........###.........##........#
#.........##>..@J....##........#
#.........###)###.#.###........#
######.##..#..# #.#.###......(.#
#.###...####.#.##.........#
#####.# #.....##...............
#.....###.###.......#####.##.##
#.........[....................
#.......#.###.......#####.##.##
#..............#....# #.##.##


You could see a jelly.

Vanquished Creatures
  Robin (D:2)
  2 adders (D:2)
  An ooze (D:2)
  2 dart slugs (D:1)
  2 worms (D:2)
  A bat (D:2)
  4 giant cockroaches
  5 hobgoblins
  2 frilled lizards (D:1)
  8 goblins
  9 kobolds
  A rat (D:1)
38 creatures vanquished.

Vanquished Creatures (others)
  7 toadstools (D:2)
7 creatures vanquished.

Grand Total: 45 creatures vanquished

Notes
Turn   | Place    | Note
-------+----------+-------------------------------------------
     0 | D:1      | Glalom the Merfolk Skald began the quest for the Orb.
     0 | D:1      | Reached XP level 1. HP: 16/16 MP: 3/3
   520 | D:1      | Reached XP level 2. HP: 22/22 MP: 5/5
   551 | D:1      | Reached skill level 4 in Polearms
   893 | D:2      | Reached XP level 3. HP: 6/27 MP: 6/6
  1304 | D:2      | Noticed Robin
  1315 | D:2      | Killed Robin
  1315 | D:2      | Reached skill level 5 in Polearms
  1337 | D:2      | Reached XP level 4. HP: 9/33 MP: 0/7
  1668 | D:2      | Learned a level 2 spell: Shroud of Golubria
  1672 | D:2      | Learned a level 3 spell: Spectral Weapon
  1744 | D:2      | Found a glowing golden altar of the Shining One.
  1787 | D:2      | Found a shadowy altar of Dithmenos.
  1951 | D:1      | Splashed by a jelly's acid

Skill      XL: |  1  2  3 |
---------------+----------+-----
Polearms       | 4 5 |  5.8
Fighting       | |  2.1
Armour         | |  0.6
Dodging        | |  2.6
Spellcasting   | |  2.0
Hexes          | |  0.4
Charms         | |  3.9

Action                   |  1- 3 |  4- 6 || total
-------------------------+-------+-------++-------
Melee: Spear             |    95 |    49 ||   144
 Cast: Infusion          |     5 |       ||     5
  Use: Potion            |     1 |       ||     1
 Stab: Sleeping          |     1 |       ||     1
  Eat: Chunk             |     1 |     2 ||     3
Armor: Leather armour    |    13 |     5 ||    18
Dodge: Dodged            |    36 |    22 ||    58
